 Dungeon Crawl Stone Soup version 0.28-a0-674-gdaf460b524 (webtiles) character file.

Game seed: 5379434135544991499

36 siradein the Insei (level 3, -6/26 HPs)
             Began as a Demonspawn Transmuter on Oct 18, 2021.
             Mangled by Terence (9 damage)
             ... on level 2 of the Dungeon.
             The game lasted 00:02:30 (1646 turns).

siradein the Insei (Demonspawn Transmuter)          Turns: 1646, Time: 00:02:31

Health: -6/26      AC:  3    Str: 11    XL:     3   Next: 19%
Magic:  3/6        EV: 12    Int: 14    God:
Gold:   49         SH:  0    Dex: 13    Spells: 3/6 levels left

rFire   . . .      SeeInvis .   a - +4 dagger
rCold   . . .      Faith    .   (no shield)
rNeg    . . .      Spirit   .   d - +0 leather armour
rPois   .          Reflect  .   (helmet currently unavailable)
rElec   .          Harm     .   (no cloak)
rCorr   .          Rampage  .   (no gloves)
Will    .....                   (boots currently unavailable)
Stlth   +.........              (no amulet)
HPRegen 0.08/turn               (no ring)
MPRegen 0.10/turn               (no ring)

@: appendages, wereblooded
A: talons 2, horns 1
a: End Transformation


You were on level 2 of the Dungeon.
You had temporarily grown beastly talons.
You visited 1 branch of the dungeon, and saw 2 of its levels.

You collected 49 gold pieces.

Inventory:

Hand Weapons
 a - a +4 dagger (weapon)
Armour
 d - a +0 leather armour (worn)
Jewellery
 f - a ring of protection from cold
Scrolls
 b - a scroll of teleportation {unknown}
 c - 9 scrolls of identify {unknown}
 e - a scroll of vulnerability {unknown}
Potions
 g - a potion of attraction {unknown}


   Skills:
 + Level 1.5 Fighting
 + Level 2.2 Dodging
 + Level 3.0 Unarmed Combat
 + Level 2.3 Spellcasting
 + Level 2.1 Transmutations


You had 3 spell levels left.
You knew the following spells:

 Your Spells              Type           Power      Damage    Failure   Level
a - Beastly Appendage     Tmut           14%        N/A       12%         1
b - Wereblood             Tmut           7%         N/A       19%         2

Your spell library contained the following spells:

 Spells                   Type           Power      Damage    Failure   Level
 Spider Form              Tmut/Pois      2%         N/A       52%         3
 Ice Form                 Ice/Tmut       4%         N/A       89%         4
 Fireball                 Conj/Fire      0%         3d3       100%        5
 Starburst                Conj/Fire      0%         6d3       100%        6
 Ignition                 Fire           0%         3d3       100%        8


Dungeon Overview and Level Annotations

Branches:
Dungeon (2/15)

Altars:

Shops:
D:2 *

Annotations:
D:2 Terence


Innate Abilities, Weirdness & Mutations

You have temporarily grown beastly talons.
You have a pair of small horns on your head.


Message History

f - a ring of protection from cold
g - a smoky white potion Terence the Incautious comes into view.
He is wielding a +2 flail of protection.
Terence looks scornfully at you.
Casting: Beastly Appendage (safe; 12% risk of failure)
Confirm with . or Enter, or press ? or * to list all spells.
Your blood is infused with primal strength.
Casting: Beastly Appendage (safe; 12% risk of failure)
Press: ? - help, Q - select action, (/) - cycle Dir - look around, f - activate Your feet morph into talons.
Terence hits you with a +2 flail of protection!
You hit Terence but do no damage. Terence closely misses you.
You hit Terence. You headbutt Terence, but do no damage.
Terence is lightly wounded.
Terence hits you with a +2 flail of protection.
You are too injured to fight recklessly!
You are too injured to fight recklessly!
You are too injured to fight recklessly!
You are too injured to fight recklessly!
You are too injured to fight recklessly!
You barely miss Terence.
Terence is lightly wounded.
Terence hits you with a +2 flail of protection.
You barely miss Terence. You claw Terence.
You headbutt Terence, but do no damage.
Terence is lightly wounded.
Terence misses you.
You hit Terence but do no damage. You claw Terence, but do no damage.
You headbutt Terence, but do no damage.
Terence is lightly wounded.
Terence hits you with a +2 flail of protection!
* * * LOW HITPOINT WARNING * * *
You barely miss Terence. Your kick misses Terence.
Terence is lightly wounded.
Terence closely misses you.
You hit Terence but do no damage. Your kick misses Terence.
You headbutt Terence, but do no damage.
Terence is lightly wounded.
Terence hits you with a +2 flail of protection!
You die...

#.# #.# #.# .. #.#
#. #.# #. #.# #.
#@# #. #@# #. #.#
#. #.# #. #.# #.
#.########## ##
#..........#
##########.#######
#........
#########


You could see Terence.

Vanquished Creatures
  A worm (D:2)
  2 dart slugs (D:1)
  4 ball pythons
  An endoplasm (D:2)
  A giant cockroach (D:1)
  2 hobgoblins
  5 bats
  A frilled lizard (D:1)
  5 goblins
  5 kobolds
27 creatures vanquished.

Notes
Turn   | Place    | Note
-------+----------+-------------------------------------------
     0 | D:1      | siradein the Demonspawn Transmuter began the quest for the
                  | Orb.
     0 | D:1      | Reached XP level 1. HP: 15/15 MP: 3/3
   167 | D:1      | Mutation became permanent: You have a pair of small horns
                  | on your head. [demonic ancestry]
   167 | D:1      | Gained mutation: You have a pair of horns on your head.
                  | [demonic ancestry]
   167 | D:1      | Reached XP level 2. HP: 15/21 MP: 3/5
   604 | D:1      | Learned a level 2 spell: Wereblood
  1426 | D:2      | Reached XP level 3. HP: 22/26 MP: 4/6
  1523 | D:2      | Reached skill level 3 in Unarmed Combat
  1561 | D:2      | Found Odyis's Assorted Antiques.
  1635 | D:2      | Noticed Terence
  1646 | D:2      | Mangled by Terence

Illustrated notes

Levels and vault maps discovered:
D:1:      minmay_arrival_four_loops, layout_loops_corners, amethyst_killhole,
          minmay_tree_intersection, minmay_liquid_box, chequers_hall_statues_y
D:2:      layout_loops_ring, basic_altar, serial_shops, nicolae_shop_stone,
          minmay_tromino_v2, uniq_terence

Skill      XL: |  1  2  3 |
---------------+----------+-----
Dodging        | 2 |  2.2
Transmutations | 2 |  2.1
Unarmed Combat | 3 |  3.0
Fighting       | |  1.5
Spellcasting   | |  2.3

Action                   || total
-------------------------++-------
Melee: Unarmed           ||    44
       Kick              ||    13
       Headbutt          ||    10
       Dagger            ||    28
 Cast: Beastly Appendage ||    17
       Wereblood         ||     1
 Stab: Sleeping          ||     1
Armor: Robe              ||    10
       Leather armour    ||     5
Dodge: Dodged            ||    43

Table legend: (Time is in decaauts)
 A = Elapsed time spent in this place.
 B = Non-inter-level travel time spent in this place.
 C = Inter-level travel time spent in this place.
 D = Time resting spent in this place.
 E = Time spent auto-exploring this place.
 F = Levels seen in this place.
 G = Mean time per level.
                   A        B        C        D        E       F      G
               +--------+--------+--------+--------+--------+-----+--------+
         Total |   1645 |   1600 |     45 |      0 |   1402 |   2 |  822.5 |
       Dungeon |   1645 |   1600 |     45 |      0 |   1402 |   2 |  822.5 |
               +--------+--------+--------+--------+--------+-----+--------+

Top non-repeatable levels by time:
     D:1: 1412 daAuts
     D:2: 232 daAuts
